 Dungeon Crawl Stone Soup version 0.32-a0-141-g04fe69798e (webtiles) character file.

Game seed: 4673873180183135370

2552 Gladio the Carver (level 9, 0/57 HPs)
             Began as a Tengu Gladiator on Feb 11, 2024.
             Was a Follower of Ru.
             Killed from afar by an acid dragon (16 damage)
             ... with a splash of acid
             ... on level 8 of the Dungeon.
             The game lasted 00:15:19 (6612 turns).

Gladio the Carver (Tengu Gladiator)                 Turns: 6612, Time: 00:15:20

Health: 0/57       AC:  0    Str: 15    XL:     9   Next: 56%
Magic:  10/10      EV: 22    Int:  9    God:    Ru [*.....]
Gold:   314        SH:  0    Dex: 19    Spells: 8/8 levels left

rFire   . . .        a - +0 long sword
rCold   . . .        n - orb {*Rage}
rNeg    . . .        b - +0 leather armour
rPois   .            c - +0 hat
rElec   .            (no cloak)
rCorr   .            l - +0 pair of gloves
SInv    .            (boots unavailable)
Will    .....        h - amulet of faith
Stlth   +            B - +5 ring of evasion
HPRegen 0.29/turn    E - +4 ring of protection
MPRegen 0.12/turn

%: random rage (20%), acrobat, faith
@: corroded, on berserk cooldown, flying, slowed, studying Throwing, very slow
A: beak, talons 3, weak-willed 1, evasive flight, acrobatic
a: Renounce Religion


You were on level 8 of the Dungeon.
You worshipped Ru.
Ru was aware of your devotion.
You visited 2 branches of the dungeon, and saw 9 of its levels.

You collected 314 gold pieces.

Inventory:

Hand Weapons
 a - a +0 long sword (weapon)
Missiles
 d - 5 throwing nets (quivered)
 e - a javelin
 F - 3 poisoned darts
Armour
 b - a +0 leather armour (worn)
 c - a +0 hat (worn)
 l - a +0 pair of gloves (worn)
 n - an orb of wrath (worn)
 I - a scarf of shadows
Jewellery
 h - an amulet of faith (around neck)
 B - a +5 ring of evasion (left hand)
 E - a +4 ring of protection (right hand)
 H - a ring of see invisible
 J - a +6 ring of intelligence
Wands
 v - a wand of iceblast (19)
Scrolls
 i - 4 scrolls of enchant weapon
 j - 3 scrolls of immolation
 o - a scroll of fog
 p - 2 scrolls of vulnerability
 q - a scroll of butterflies {unknown}
 r - a scroll of torment {unknown}
 s - 3 scrolls of poison {unknown}
 t - a scroll of fear {unknown}
 w - 2 scrolls of blinking {unknown}
 y - a scroll of teleportation {unknown}
 z - a scroll of noise {unknown}
 A - a scroll of acquirement {unknown}
 C - a scroll of amnesia
 L - a scroll of silence {unknown}
Potions
 f - a potion of ambrosia {unknown}
 g - 2 potions of haste
 k - 2 potions of degeneration
 m - a potion of enlightenment {unknown}
 u - 5 potions of brilliance
 D - a potion of berserk rage {unknown}
 G - 2 potions of lignification {unknown}
 K - a potion of cancellation {unknown}


   Skills:
 + Level 7.6 Fighting
 * Level 11.7 Long Blades
 - Level 2.0 Throwing
 - Level 3.2 Dodging


You had 8 spell levels left.
You didn't know any spells.
Your spell library contained the following spells:

 Spells                   Type           Power      Damage    Failure   Level
 Apportation              Tloc           0%         N/A       45%         1
 Necrotise                Necr           0%         1d4       45%         1
 Sting                    Conj/Alch      0%         1d3       45%         1
 Summon Small Mammal      Summ           0%         N/A       45%         1
 Ensorcelled Hibernation  Hex/Ice        0%         N/A       58%         2
 Mercury Vapours          Alch/Air       0%         N/A       58%         2
 Searing Ray              Conj           0%         2d4       58%         2
 Dazzling Flash           Conj/Hex       0%         N/A       83%         3
 Hailstorm                Conj/Ice       0%         3d5       83%         3
 Mephitic Cloud           Conj/Alch/Air  0%         N/A       83%         3
 Passwall                 Erth           0%         N/A       83%         3
 Swiftness                Air            0%         N/A       83%         3
 Freezing Cloud           Conj/Ice/Air   0%         6-21      100%        5
 Chain Lightning          Conj/Air       0%         N/A       100%        9


Dungeon Overview and Level Annotations

Branches:
Dungeon (8/15)             Temple (1/1) D:5
   Lair: D:8-11

Altars:
Ashenzari
Cheibriados
Dithmenos
Elyvilon
Fedhas
Gozag
Hepliaklqana
Kikubaaqudgha
Makhleb
Nemelex Xobeh
Okawaru
Qazlal
Ru
Sif Muna
Trog
Uskayaw
Vehumet
Wu Jian
Xom
Yredelemnul
Zin
The Shining One

Shops:
D:5 =


Innate Abilities, Weirdness & Mutations

You have a beak for a mouth.
You have claws for feet.
You are slightly weak-willed. (Will-)
Your magical flight helps you evade attacks. (EV +4)
You can magically evade attacks while moving or waiting.


Message History

You start waiting.
You are no longer berserk.
You are exhausted.
You feel yourself slow down.
You see here a sky beast corpse.
An acid dragon comes into view.
The acid dragon roars!
You hear a shout! x2
The acid dragon spits acid at you. The splash of acid hits you!!
The acid corrodes you! The acid dragon completely misses you.
The acid dragon claws you but does no damage.
An acid dragon is nearby!
You hit the acid dragon but do no damage.
You claw the acid dragon, but do no damage.
Your peck misses the acid dragon. The acid dragon bites you.
The acid dragon barely misses you.
You hit the acid dragon. Your peck misses the acid dragon.
The acid dragon is lightly wounded.
The acid dragon bites you.
The acid dragon claws you but does no damage.
You closely miss the acid dragon.
You claw the acid dragon, but do no damage.
Your peck misses the acid dragon.
The acid dragon is lightly wounded.
The acid dragon completely misses you. The acid dragon misses you.
The acid dragon completely misses you. The acid dragon misses you.
You closely miss the acid dragon. You claw the acid dragon.
The acid dragon is moderately wounded.
The acid dragon spits acid at you. The splash of acid hits you!!
* * * LOW HITPOINT WARNING * * *
The acid corrodes you!
You hear a shout!
You hear a howl!
You are too injured to fight recklessly!
You are too injured to fight recklessly!
You feel better. The acid dragon spits acid at you.
The splash of acid hits you!
You die...
Ru respects your ultimate sacrifice.

...........#
##..........#
............#
#...........#
...........#
...........#
#.#.#......#
#.#.#......#####
#@#†#..##......#
#D#.#.#.##......#
#######.##......#
......##......##
................
########......#.
#..<.....#
#.#.####.# #.#.#
.#


You could see an acid dragon (catching breath).

Vanquished Creatures
  A gargoyle (D:6)
  Grinder (D:5)
  Duvessa (D:5)
  2 sky beasts
  An orc warrior (D:7)
  3 ogres
  A centaur (D:7)
  2 phantoms
  2 scorpions
  4 bullfrogs (D:7)
  Dowan (D:5)
  3 hounds
  2 orc priests
  2 bombardier beetles
  A sleepcap (D:5)
  A jelly (D:5)
  An iguana (D:5)
  5 orc wizards
  7 gnolls
  14 adders
  2 shadow imps (D:6)
  7 ufetubi
  2 ribbon worms
  5 dart slugs
  20 orcs
  3 endoplasms
  3 giant cockroaches
  5 goblins
  9 hobgoblins
  2 jackals (D:4)
  9 kobolds
  4 quokkas
  3 ball pythons
  15 bats
  2 frilled lizards
  8 rats
154 creatures vanquished.

Notes
Turn   | Place    | Note
-------+----------+-------------------------------------------
     0 | D:1      | Gladio the Tengu Gladiator began the quest for the Orb.
     0 | D:1      | Reached XP level 1. HP: 12/12 MP: 2/2
    99 | D:1      | Reached XP level 2. HP: 17/17 MP: 3/3
   267 | D:1      | Reached skill level 4 in Long Blades
   531 | D:1      | Reached XP level 3. HP: 22/22 MP: 4/4
   578 | D:1      | Found a faded altar of an unknown god.
  1157 | D:2      | Reached XP level 4. HP: 23/27 MP: 5/5
  1463 | D:3      | Reached skill level 5 in Long Blades
  1504 | D:3      | Identified the +1 quarterstaff "Vanuazex" {vamp, rPois
                  | Str+3}
  1883 | D:3      | Found a basalt altar of Yredelemnul.
  1996 | D:3      | Reached XP level 5. HP: 28/32 MP: 6/6
  2625 | D:4      | Reached skill level 6 in Long Blades
  2635 | D:4      | Noticed a phantom
  2640 | D:4      | Killed a phantom
  2641 | D:4      | Reached XP level 6. HP: 30/38 MP: 7/7
  2937 | D:4      | Reached skill level 7 in Long Blades
  3224 | D:5      | Entered Level 5 of the Dungeon
  3232 | D:5      | Gained mutation: Your magical flight helps you evade
                  | attacks. (EV +4) [Tengu growth]
  3232 | D:5      | Reached XP level 7. HP: 44/44 MP: 8/8
  3488 | D:5      | Found Qoiniroori's Jewellery Emporium.
  3546 | D:5      | Noticed Duvessa
  3546 | D:5      | Noticed Dowan
  3566 | D:5      | Killed Dowan
  3567 | D:5      | Killed Duvessa
  3568 | D:5      | Reached skill level 5 in Fighting
  3568 | D:5      | Reached skill level 8 in Long Blades
  3690 | D:5      | Found a hazy altar of Hepliaklqana.
  3948 | D:5      | Reached XP level 8. HP: 50/50 MP: 9/9
  4063 | D:5      | Found a staircase to the Ecumenical Temple.
  4137 | Temple   | Entered the Ecumenical Temple
  4198 | Temple   | Became a worshipper of Ru the Awakened
  4401 | D:6      | Noticed Grinder
  4500 | D:5      | Reached skill level 9 in Long Blades
  4528 | D:5      | Paralysed by Grinder for 5 turns
  4542 | D:5      | Killed Grinder
  4736 | D:6      | Noticed a gargoyle
  4750 | D:6      | Killed a gargoyle
  4751 | D:6      | Reached skill level 10 in Long Blades
  4846 | D:6      | Reached XP level 9. HP: 56/56 MP: 10/10
  5489 | D:7      | Reached skill level 11 in Long Blades
  5799 | D:7      | Found an ancient bone altar of Kikubaaqudgha.
  5817 | D:7      | Gained mutation: You are slightly weak-willed. (Will-) [Ru
                  | sacrifice]
  5817 | D:7      | Reached * piety under Ru
  5846 | D:7      | Found a radiant altar of Vehumet.
  5900 | D:7      | Found an ornate altar of the Wu Jian Council.
  6273 | D:7      | Got the Secrets of Battle Magic
  6612 | D:8      | Killed from afar by an acid dragon

Illustrated notes

Levels and vault maps discovered:
D:1:      minmay_arrival_hallway, layout_rooms,
          shapermc_ecumenical_altar_hornbeckon, corexii_leaking_fountain
D:2:      layout_loops_ring, kennysheep_cross_room, solitary_fountain
D:3:      layout_basic, nicolae_overflow_crystal_walls, minmay_misc_feat_roman,
          roderic_batcave
D:4:      layout_loops_ring
D:5:      layout_basic, mainiacjoe_overflow_concentric_impassable,
          minmay_temple_entry_poolview, serial_shops, shop, uniq_duvessa
D:6:      layout_basic, minmay_manual_macuahuitl, uniq_grinder
D:7:      layout_basic, mainiacjoe_overflow_boulevard, nicolae_vehumet_radiance,
          lemuel_coloured_pillars_altar
D:8:      layout_basic, hangedman_decor_peaks_small, minmay_manual_maat,
          uniq_gastronok, uniq_grum
Temple:   nicolae_temple_bog_church

Skill      XL: |  1  2  3  4  5  6  7  8  9 |
---------------+----------------------------+-----
Long Blades    | 4 5 6 7 8 10 11 | 11.7
Fighting       | 3 4 5 6 7 |  7.6
Throwing       | |  2.0
Dodging        | |  3.2

Action                     |  1- 3 |  4- 6 |  7- 9 || total
---------------------------+-------+-------+-------++-------
  Melee: Long sword        |    69 |   121 |   229 ||   419
         Kick              |    10 |    25 |    72 ||   107
         Peck              |     4 |    10 |    32 ||    46
         Punch             |     2 |       |       ||     2
 Invoke: Sacrifice Essence |       |       |     1 ||     1
  Evoke: Wand              |       |       |     3 ||     3
    Use: Scroll            |       |     8 |     1 ||     9
         Potion            |       |       |     3 ||     3
   Stab: Sleeping          |     2 |     1 |     2 ||     5
 Armour: Leather armour    |    26 |    59 |    86 ||   171
  Dodge: Dodged            |    60 |   107 |   242 ||   409

Table legend: (Time is in decaauts)
 A = Elapsed time spent in this place.
 B = Non-inter-level travel time spent in this place.
 C = Inter-level travel time spent in this place.
 D = Time resting spent in this place.
 E = Time spent auto-exploring this place.
 F = Levels seen in this place.
 G = Mean time per level.
                   A        B        C        D        E       F      G
               +--------+--------+--------+--------+--------+-----+--------+
         Total |   6990 |   6607 |    383 |    278 |   5112 |   9 |  776.7 |
       Dungeon |   6910 |   6604 |    306 |    278 |   5112 |   8 |  863.8 |
        Temple |     80 |      3 |     77 |      0 |      0 |   1 |   80.0 |
               +--------+--------+--------+--------+--------+-----+--------+

Top non-repeatable levels by time:
     D:7: 1283 daAuts
     D:4: 1113 daAuts
     D:6: 1010 daAuts
     D:5: 961 daAuts
     D:3: 944 daAuts
     D:2: 927 daAuts
     D:1: 635 daAuts
  Temple: 80 daAuts
     D:8: 32 daAuts
